 Dungeon Crawl Stone Soup version 0.23.2-40-g277498a001 (webtiles) character file.

Game seed: 14745754693801589244

49 Descartes the Grasshopper (level 3, -5/18 HPs)
             Began as a Vine Stalker Warper on Oct 19, 2019.
             Killed from afar by an orc wizard (6 damage)
             ... with a puff of flame
             ... on level 2 of the Dungeon.
             The game lasted 00:03:18 (2204 turns).

Descartes the Grasshopper (Vine Stalker Warper)     Turns: 2204, Time: 00:03:19

Health: -5/18      AC:  3    Str: 14    XL:     3   Next: 75%
Magic:  0/7        EV: 12    Int: 13    God:
Gold:   52         SH:  0    Dex: 13    Spells: 2/6 levels left

rFire    . . .     SeeInvis .     - Unarmed
rCold    . . .     Gourm    .   (no shield)
rNeg     . . .     Faith    .   a - +0 leather armour
rPois    .         Spirit   +   (no helmet)
rElec    .         Reflect  .   (no cloak)
rCorr    .         Harm     .   (no gloves)
MR       .....                  (no boots)
Stlth    +.........             (no amulet)
HPRegen  0.06/turn              (no ring)
MPRegen  0.10/turn              (no ring)

@: no status effects
A: fangs 2, magic shield, antimagic bite, no potion heal 3, rot immunity
a: no special abilities


You were on level 2 of the Dungeon.
You were not hungry.

You visited 1 branch of the dungeon, and saw 2 of its levels.

You collected 52 gold pieces.

Inventory:

Missiles
 d - 5 tomahawks of dispersal (quivered)
 k - 8 stones
 m - 28 bolts
Armour
 a - a +0 leather armour (worn)
 e - a +0 scale mail
Scrolls
 b - 2 scrolls of teleportation {unknown}
 c - a scroll of blinking
 g - a scroll of enchant weapon {unknown}
 h - a scroll of identify {unknown}
 j - 2 scrolls of amnesia {unknown}
Potions
 i - 2 potions of curing {unknown}
 n - a potion of flight {unknown}
Comestibles
 f - 3 rations
 l - a chunk of flesh


   Skills:
 + Level 2.1 Fighting
 - Level 0.8 Throwing
 + Level 1.3 Armour
 + Level 1.8 Dodging
 + Level 1.3 Stealth
 * Level 2.7 Unarmed Combat
 + Level 2.3 Spellcasting
 + Level 3.1 Translocations


You had 2 spell levels left.
You knew the following spells:

 Your Spells              Type           Power        Failure   Level  Hunger
a - Blink                 Tloc           N/A          13%         2    ###....
b - Shroud of Golubria    Chrm/Tloc      #.........   24%         2    ###....

Your spell library contained the following spells:

 Spells                   Type           Power        Failure   Level  Hunger
 Gell's Gravitas          Tloc           #.........   26%         3    ###....
 Lesser Beckoning         Tloc           #.........   26%         3    ###....
 Teleport Other           Tloc           #.......     26%         3    ###....
 Passage of Golubria      Tloc           N/A          63%         4    #####..


Dungeon Overview and Level Annotations

Branches:
Dungeon (2/15)

Altars:


Innate Abilities, Weirdness & Mutations

You have extremely sharp teeth.
When hurt, damage is shared between your health and your magic reserves.
Your bite disrupts and absorbs the magic of your enemies.
Potions cannot restore your health.
You are immune to rotting.


Message History

You closely miss the orc priest. You bite the orc priest. You drain its power.
You feel invigorated.
The orc priest is almost dead.
The adder closely misses you.
The orc wizard hits you but does no damage.
The orc priest looks braver for a moment.
Unknown command.
You hit the orc priest. Your bite misses the orc priest.
The orc priest is almost dead.
The orc wizard hits you with a +0 dagger.
* * * LOW HITPOINT WARNING * * *
The adder bites you but does no damage. The orc priest completely misses you.
The orc wizard hits you with a +0 dagger.
* * * LOW HITPOINT WARNING * * *
You hit the orc priest but do no damage.
The orc priest is almost dead.
The adder bites you. The orc wizard casts a spell at you.
The puff of flame hits you!
You die...

#≈..........≈..
#≈..≈≈≈≈....≈..
#.≈≈≈≈≈≈≈≈≈≈≈..
#≈≈≈≈≈≈≈≈≈≈≈≈..
#..≈≈≈≈≈≈≈≈≈≈..
##.≈≈≈≈♣≈♣≈≈≈≈..
###.≈≈≈≈≈♣_.≈≈≈...
##oo..≈≈≈≈≈..≈≈≈...
#.@##.≈≈≈≈≈≈≈≈≈≈≈..
#.S###.≈≈≈≈≈≈≈≈≈≈.≈.
...... ..≈≈≈≈≈≈≈≈≈≈≈..
...........≈oo.≈≈≈≈≈≈.≈.
..................≈.≈≈≈.#
..................###....
.$........... #....
..?........... #....
#....


You could see an orc priest, an orc wizard and an adder.

Vanquished Creatures
  2 adders (D:2)
  A worm (D:2)
  A dart slug (D:1)
  An orc (D:2)
  A giant cockroach (D:2)
  A goblin (D:1)
  5 hobgoblins (D:1)
  2 jackals (D:2)
  2 frilled lizards (D:1)
  6 kobolds
  3 rats
25 creatures vanquished.

Notes
Turn   | Place    | Note
-------+----------+-------------------------------------------
     0 | D:1      | Descartes the Vine Stalker Warper began the quest for the
                  | Orb.
     0 | D:1      | Reached XP level 1. HP: 11/11 MP: 4/4
   515 | D:1      | Reached XP level 2. HP: 11/15 MP: 6/6
   589 | D:1      | Learned a level 2 spell: Blink
   592 | D:1      | Learned a level 2 spell: Shroud of Golubria
   859 | D:1      | Reached skill level 1 in Armour
  1691 | D:2      | Reached skill level 1 in Stealth
  1691 | D:2      | Reached XP level 3. HP: 12/18 MP: 7/7
  2160 | D:2      | Found a faded altar of an unknown god.
  2204 | D:2      | Killed from afar by an orc wizard

Skill      XL: |  1  2 |
---------------+-------+-----
Armour         | 1 |  1.3
Fighting       | 2 |  2.1
Stealth        | 1 |  1.3
Throwing       | |  0.8
Dodging        | |  1.8
Unarmed Combat | |  2.7
Spellcasting   | |  2.3
Translocations | |  3.1

Action                   || total
-------------------------++-------
Melee: Unarmed           ||   124
       Bite              ||    30
       Punch             ||     3
  Eat: Chunk             ||     4
Armor: Leather armour    ||    24
Dodge: Dodged            ||    62
